AoeStats
← JV_kolop

Arabia

505380954Analyzed
4v4 RM · 22d ago on Sep 9, 2026· 55m 8s· 8 players
Game mode
Random Map
Map size
Large (8 player)
Population
200
Speed
Normal
Resources
Standard
Victory
Conquest
Starting age
Dark Age
Ending age
Imperial Age
RankedLock teamsTeams togetherTeam positionsShared explorationLock speedFull tech treeHidden civsTurbo modeCheats
Victory
Defeat
🇦🇷 Koreans · Argentina
954
+13
🇲🇽 Maya · Mexico
877
+17
🇲🇽 Huns · Mexico
845
+18
🇲🇽 Chinese · Mexico
837
+18
🇨🇦 Bohemians · Canada
940
-18
🇨🇦 Persians · Canada
892
-17
🇲🇽 Gurjaras · Mexico
871
-16
🇨🇳 Franks · China
864
-15
CostaldePapas
7:58 Loom
10:17 Feudal Age
16:44 Castle Age
25:41 Double-Bit Axe
26:13 Horse Collar
29:36 Bow Saw
34:09 Imperial Age
31:49 Caravan
32:16 Forging
32:07 Scale Mail Armor
32:42 Heavy Plow
33:56 Wheelbarrow
33:09 Town Watch
34:44 Kshatriyas
35:27 Iron Casting
35:07 Chain Mail Armor
35:52 Gold Mining
35:53 Stone Mining
36:21 Chain Mail Armor
36:52 Hand Cart
37:39 Elite Chakram Thrower
40:39 Plate Mail Armor
41:09 Gold Shaft Mining
41:10 Stone Shaft Mining
41:32 Town Patrol
43:15 Ballistics
43:56 Chemistry
42:38 Treadmill Crane
43:24 Ballistics
44:04 Chemistry
48:59 Frontier Guards
54:00 Scale Barding Armor
54:03 Husbandry
54:14 Bloodlines
53:26 Heavy Camel Rider
精神老头
12:19 Feudal Age
13:34 Double-Bit Axe
19:35 Castle Age
17:51 Gold Mining
20:33 Husbandry
21:38 Bow Saw
22:08 Gold Shaft Mining
23:52 Forging
23:49 Scale Barding Armor
28:46 Wheelbarrow
27:57 Town Watch
28:54 Iron Casting
28:40 Chain Barding Armor
35:37 Hand Cart
35:11 Loom
35:27 Town Patrol
45:43 Stone Mining
JV_kolop
11:36 Feudal Age
20:04 Castle Age
33:07 Double-Bit Axe
33:50 Loom
34:40 Wheelbarrow
33:52 Town Watch
35:08 Bow Saw
34:54 Fletching
35:19 Scale Barding Armor
37:01 Husbandry
36:24 Light Cavalry
37:38 Chain Barding Armor
41:19 Town Patrol
41:35 Hand Cart
44:45 Imperial Age
42:30 Hand Cart
42:56 Pikeman
44:50 Horse Collar
45:35 Bodkin Arrow
47:43 Chemistry
46:53 Siege Engineers
48:58 Cavalier
53:18 Two-Man Saw
legin9
10:05 Feudal Age
15:46 Castle Age
16:08 Double-Bit Axe
18:03 Loom
19:13 Stone Mining
30:13 Fletching
34:44 Kamandaran
34:36 Elite Skirmisher
36:59 Town Watch
37:43 Padded Archer Armor
42:14 Wheelbarrow
43:01 Hand Cart
47:30 Crossbowman
48:18 Thumb Ring
48:52 Crossbowman
49:38 Thumb Ring
munheko
0:33 Loom
10:26 Feudal Age
13:11 Double-Bit Axe
16:05 Wheelbarrow
15:18 Horse Collar
15:42 Padded Archer Armor
16:28 Fletching
17:09 Gold Mining
17:35 Town Watch
25:48 Scale Mail Armor
29:10 Castle Age
30:03 Bow Saw
29:56 Heavy Plow
29:50 Stone Mining
32:53 Stone Shaft Mining
31:45 Crossbowman
38:12 Hand Cart
39:46 Town Patrol
42:54 Ballistics
46:40 Imperial Age
45:44 Leather Archer Armor
46:20 Bodkin Arrow
47:57 Conscription
47:08 Arbalester
47:55 Thumb Ring
51:02 Two-Man Saw
50:32 Eagle Warrior
52:53 Ring Archer Armor
52:24 Bracer
53:28 Chemistry
52:18 Pikeman
52:59 Squires
52:45 Arson
53:42 Chain Mail Armor
55:45 Plate Mail Armor
55:25 Forging
54:38 Elite Skirmisher
54:44 Halberdier
54:45 Elite Eagle Warrior
Gabuchan8596
11:17 Feudal Age
10:17 Loom
12:29 Double-Bit Axe
12:38 Gold Mining
12:31 Horse Collar
20:19 Fletching
20:29 Padded Archer Armor
23:37 Wheelbarrow
27:13 Castle Age
27:50 Bodkin Arrow
28:10 Leather Archer Armor
27:21 Crossbowman
28:35 Thumb Ring
31:39 Ballistics
31:55 Hand Cart
34:01 Gold Shaft Mining
40:14 Stone Mining
42:58 Imperial Age
42:28 Stone Shaft Mining
42:09 Heavy Plow
42:22 Bow Saw
43:48 Bracer
44:39 Ring Archer Armor
43:30 Arbalester
45:45 Two-Man Saw
48:21 Chemistry
49:52 Conscription
51:04 Elite Chu Ko Nu
Jklmivan
11:56 Feudal Age
12:39 Horse Collar
14:58 Wheelbarrow
14:13 Double-Bit Axe
17:09 Scale Barding Armor
17:31 Bloodlines
19:21 Forging
26:07 Scale Mail Armor
28:13 Castle Age
26:08 Gold Mining
26:12 Stone Mining
29:19 Chain Barding Armor
29:02 Husbandry
29:40 Iron Casting
29:26 Hand Cart
29:48 Gold Shaft Mining
29:25 Bow Saw
29:20 Heavy Plow
29:24 Pikeman
30:22 Chain Mail Armor
37:28 Imperial Age
35:23 Marauders
37:36 Elite Tarkan
38:37 Conscription
38:55 Plate Barding Armor
39:21 Blast Furnace
45:23 Two-Man Saw
48:32 Caravan
48:24 Halberdier
49:09 Padded Archer Armor
Cartucho
7:21 Loom
10:09 Feudal Age
16:00 Castle Age
16:51 Double-Bit Axe
19:19 Bow Saw
20:22 Fletching
21:11 Horse Collar
22:17 Bodkin Arrow
24:06 Town Watch
25:55 Wheelbarrow
26:15 Heavy Plow
32:16 Imperial Age
31:20 Eupseong
33:14 Gold Mining
34:06 Bracer
34:49 Forging
34:40 Scale Mail Armor
34:05 Pikeman
34:45 Squires
34:33 Arson
35:24 Conscription
35:27 Hand Cart
36:22 Chemistry
35:42 Ballistics
35:55 Ballistics
36:42 Iron Casting
36:41 Halberdier
41:05 Stone Mining
41:50 Gold Shaft Mining
41:33 Chain Mail Armor
44:27 Shinkichon
46:04 Elite War Wagon
53:18 Stone Shaft Mining
55:05 Plate Mail Armor
55:03 Town Patrol
Connection lost

Rejoining the realm…

Still unreachable

The connection could not be restored.

Session expired

The server has moved on; the page needs a fresh start.